Map: Ever Dream LE

Players

Serral - Winner!

  • Race: Zerg Zerg
  • League: Grandmaster
  • Spawn Location: 7:00

DnS

  • Race: Protoss Protoss
  • Spawn Location: 1:00

Event: DreamHack SC2 Masters 2020 Fall

VOD

Have the link to the VOD?

Description

Time

  • Played on: Sept. 3, 2020, 11:59 a.m.
  • Length: 16:28

All games in this series

Show
View Real Time Build Order
Export as new Build Order

Serral Zerg - Winner!

Build Orders: Pool First, Lurkers 

Get SALT Encoding   

  12  0:00  Drone  
  13  0:12  Overlord  
  13  0:16  Drone  
  14  0:30  Drone x2  
  16  0:40  Spawning Pool  
  15  0:43  Drone  
  15  0:47  Drone  
  17  1:05  Extractor  
  17  1:10  Hatchery  
  15  1:14  Drone  
  16  1:27  Zergling x6  
  19  1:34  Queen  
  21  1:43  Overlord  
  21  1:49  Drone  
  22  2:01  Drone  
  23  2:09  Queen  
  23  2:10  Metabolic Boost  
  23  2:13  Drone  
  26  2:26  Drone  
  26  2:27  Drone  
  26  2:29  Queen  
  29  2:42  Zergling x2  
  29  2:43  Overlord  
  29  2:44  Drone  
  31  2:52  Zergling x2  
  31  2:53  Drone x3  
  31  2:55  Drone  
  36  3:11  Drone x2  
  36  3:15  Drone  
  37  3:21  Drone, Queen  
  39  3:29  Drone  
  39  3:32  Drone  
  39  3:33  Hatchery  
  39  3:34  Drone  
  41  3:38  Overlord  
  41  3:41  Drone  
  42  3:43  Drone  
  43  3:50  Overlord  
  43  3:57  Drone x2  
  43  4:00  Overlord  
  43  4:01  Drone x4  
  49  4:07  Queen  
  51  4:13  Drone, Spore Crawler  
  51  4:19  Zergling x2  
  51  4:21  Overlord  
  51  4:22  Drone  
  51  4:23  Drone x3  
  56  4:30  Roach Warren  
  55  4:33  Drone x2, Spore Crawler  
  56  4:39  Lair  
  56  4:41  Drone  
  56  4:42  Drone  
  56  4:44  Drone  
  59  4:51  Spore Crawler  
  58  4:54  Drone, Zergling x4  
  58  4:56  Drone x3  
  64  5:00  Drone  
  64  5:04  Overlord  
  65  5:07  Overlord  
  65  5:08  Extractor  
  65  5:09  Extractor, Zergling x4  
  65  5:12  Evolution Chamber  
  65  5:13  Drone  
  65  5:14  Drone  
  66  5:21  Overlord x2  
  66  5:25  Zergling x2  
  66  5:28  Drone x3  
  70  5:29  Drone  
  70  5:30  Drone x2, Overlord  
  70  5:33  Drone x2  
  74  5:38  Drone x3  
  74  5:41  Zerg Missile Weapons Level 1  
  74  5:42  Glial Reconstitution  
  75  5:47  Drone x3  
  78  5:51  Extractor  
  78  5:54  Roach x3  
  83  5:57  Overlord  
  83  6:01  Roach x2  
  86  6:09  Queen x3  
  92  6:14  Drone  
  92  6:15  Spore Crawler  
  92  6:21  Roach x2, Nydus Network  
  92  6:25  Overlord  
  94  6:26  Zergling x6  
  94  6:29  Overlord  
  97  6:35  Zergling x10  
  97  6:39  Overlord  
  101  6:40  Overlord  
  101  6:43  Overlord  
  100  6:52  Overlord  
  100  6:55  Zergling x12  
  100  6:57  Nydus Canal  
  100  6:59  Ravager x5  
  111  7:03  Queen  
  111  7:05  Queen  
  111  7:08  Queen  
  115  7:14  Ravager  
  117  7:17  Zergling x12  
  117  7:18  Nydus Canal  
  117  7:21  Ravager  
  124  7:28  Zergling x2  
  124  7:29  Zergling x4  
  122  7:42  Drone x3  
  124  7:50  Zergling x6  
  121  7:53  Zerg Missile Weapons Level 2  
  121  7:58  Roach x2  
  96  8:16  Roach x5  
  96  8:18  Roach  
  96  8:19  Hatchery  
  95  8:25  Roach  
  92  8:28  Extractor x2  
  88  8:34  Roach x9  
  88  8:35  Queen  
  88  8:41  Overlord  
  108  8:42  Overseer  
  108  8:49  Infestation Pit  
  108  8:51  Overlord  
  108  8:52  Drone x3  
  108  8:53  Drone x3  
  113  8:58  Ravager x4  
  117  9:03  Roach x2, Zergling x10  
  117  9:06  Overlord  
  126  9:15  Unknown  
  126  9:17  Roach x3  
  131  9:21  Drone x3  
  133  9:24  Roach  
  133  9:31  Roach x3  
  134  9:33  Queen  
  134  9:35  Drone  
  134  9:36  Drone  
  138  9:43  Overlord  
  138  9:44  Roach x4  
  146  9:48  Hive  
  146  9:51  Hydralisk Den  
  145  9:53  Nydus Canal  
  145  9:54  Roach x8  
  157  10:02  Roach x3  
  154  10:14  Drone x5  
  154  10:18  Ravager x7, Overlord x2  
  166  10:26  Drone  
  166  10:27  Lurker Den  
  166  10:33  Hatchery  
  157  10:38  Drone x3  
  157  10:41  Overlord  
  158  10:43  Grooved Spines  
  158  10:45  Ravager x3  
  158  10:46  Roach x5  
  171  10:54  Zerg Ground Armor Level 1  
  167  11:01  Drone x10  
  177  11:10  Hydralisk x4  
  172  11:13  Extractor  
  172  11:16  Extractor  
  170  11:22  Hydralisk x4  
  178  11:27  Seismic Spines  
  178  11:30  Spine Crawler, Spore Crawler  
  178  11:32  Pneumatized Carapace  
  176  11:36  Lurker x3  
  177  11:42  Lurker  
  177  11:43  Drone x6  
  184  11:47  Burrow  
  184  11:50  Lurker  
  184  11:52  Spine Crawler  
  182  11:54  Spine Crawler  
  182  12:01  Lurker x3  
  182  12:08  Spore Crawler  
  182  12:11  Evolution Chamber, Spore Crawler  
  182  12:12  Drone x3  
  182  12:13  Spore Crawler  
  182  12:14  Spore Crawler  
  182  12:15  Hydralisk x4  
  182  12:16  Overseer  
  188  12:24  Adaptive Talons  
  188  12:25  Muscular Augments  
  188  12:43  Hydralisk x5  
  180  12:46  Viper x2  
  186  12:56  Lurker x3  
  189  12:59  Hatchery  
  189  13:00  Drone x2  
  189  13:01  Spine Crawler  
  189  13:02  Spine Crawler  
  188  13:07  Zerg Missile Weapons Level 3  
  182  13:20  Nydus Canal  
  182  13:27  Overlord x2  
  180  13:31  Hydralisk x9  
  198  13:38  Overlord  
  198  13:40  Overlord  
  198  13:44  Overlord x2  
  198  13:45  Overlord  
  198  13:51  Lurker x2  
  198  13:53  Overlord  
  200  13:55  Zerg Ground Armor Level 2  
  200  13:56  Spine Crawler  
  200  13:57  Spine Crawler, Overseer  
  200  13:59  Spore Crawler  
  197  14:06  Nydus Canal  
  197  14:09  Hydralisk x3  
  191  14:18  Hydralisk x6  
  199  14:25  Lurker  
  197  14:44  Lurker x3  
  196  14:57  Hydralisk x2  
  200  15:10  Hatchery  
  196  15:26  Lurker x3  
  196  15:27  Lurker  
  200  15:37  Hydralisk x3  
  200  15:40  Hydralisk x3, Hatchery  
  165  15:50  Hydralisk x17  
  165  15:51  Overseer  
  165  15:53  Hydralisk x5  
  200  16:05  Overseer x3  
Show
View Real Time Build Order
Export as new Build Order

DnS Protoss 

Build Orders: Oracle Opening, Phoenix Opening 

Get SALT Encoding   

  12  0:00  Probe  
  13  0:12  Probe  
  14  0:18  Pylon  
  14  0:25  Probe (Chrono Boost)  
  15  0:37  Probe (Chrono Boost)  
  15  0:42  Gateway  
  16  0:46  Probe (Chrono Boost)  
  16  0:49  Assimilator  
  17  0:52  Probe  
  18  1:04  Probe  
  19  1:16  Probe  
  20  1:30  Cybernetics Core  
  20  1:32  Zealot  
  22  1:43  Pylon  
  22  1:50  Nexus  
  22  1:54  Probe  
  22  1:59  Assimilator  
  23  2:03  Adept (Chrono Boost)  
  25  2:09  Probe  
  25  2:15  Pylon  
  26  2:23  Probe  
  26  2:30  Adept (Chrono Boost)  
  26  2:35  Probe  
  29  2:41  Stargate  
  29  2:45  Warp Gate  
  29  2:47  Probe  
  28  2:59  Probe  
  28  3:04  Probe  
  28  3:05  Adept  
  33  3:15  Probe (Chrono Boost)  
  33  3:16  Probe (Chrono Boost)  
  34  3:24  Phoenix (Chrono Boost)  
  34  3:26  Probe (Chrono Boost)  
  36  3:27  Probe (Chrono Boost)  
  36  3:31  Probe (Chrono Boost)  
  37  3:35  Gateway  
  37  3:36  Probe  
  38  3:43  Probe  
  38  3:44  Oracle  
  38  3:48  Probe  
  43  3:55  Probe  
  44  3:58  Pylon  
  44  3:59  Assimilator  
  44  4:00  Probe  
  44  4:02  Assimilator  
  45  4:07  Probe (Chrono Boost)  
  46  4:12  Stargate  
  46  4:16  Probe (Chrono Boost)  
  47  4:17  Pylon  
  47  4:19  Probe (Chrono Boost)  
  48  4:26  Probe (Chrono Boost)  
  48  4:27  Probe (Chrono Boost)  
  50  4:33  Probe  
  50  4:35  Adept  
  50  4:36  Probe  
  54  4:40  Phoenix (Chrono Boost)  
  54  4:44  Adept  
  54  4:45  Robotics Facility, Probe  
  59  4:48  Probe  
  62  5:02  Phoenix (Chrono Boost)  
  62  5:04  Phoenix (Chrono Boost)  
  64  5:07  Pylon  
  64  5:15  Nexus  
  64  5:19  Phoenix (Chrono Boost)  
  66  5:25  Pylon  
  66  5:32  Phoenix (Chrono Boost)  
  66  5:33  Adept x2  
  72  5:39  Immortal (Chrono Boost)  
  76  5:57  Sentry  
  76  5:58  Sentry  
  76  6:02  Pylon  
  80  6:11  Gateway  
  80  6:12  Immortal (Chrono Boost)  
  80  6:13  Gateway x2  
  84  6:23  Gateway  
  84  6:24  Sentry, Gateway  
  86  6:26  Sentry  
  86  6:32  Gateway  
  90  6:48  Sentry  
  90  6:50  Sentry  
  90  6:53  Immortal (Chrono Boost)  
  94  6:58  Probe  
  94  6:59  Probe x2  
  97  7:03  Pylon  
  97  7:07  Zealot x3  
  103  7:09  Shield Battery  
  103  7:13  Pylon  
  103  7:15  Shield Battery  
  103  7:16  Pylon  
  103  7:23  Zealot x2  
  103  7:29  Zealot x2, Sentry  
  113  7:40  Zealot  
  113  7:41  Zealot x2  
  109  7:57  Zealot x5  
  86  8:07  Zealot x3  
  82  8:18  Sentry x4  
  82  8:19  Zealot  
  88  8:23  Immortal (Chrono Boost)  
  94  8:27  Probe x3 (Chrono Boost)  
  94  8:31  Robotics Bay  
  95  8:39  Sentry  
  95  8:40  Probe x2 (Chrono Boost)  
  95  8:41  Probe (Chrono Boost)  
  100  8:42  Forge  
  100  8:45  Probe (Chrono Boost)  
  100  8:46  Probe  
  102  8:55  Observer (Chrono Boost), Probe  
  104  8:57  Probe  
  104  8:58  Probe  
  104  8:59  Assimilator  
  104  9:00  Assimilator  
  106  9:07  Probe  
  106  9:09  Zealot  
  108  9:10  Zealot x2  
  108  9:14  Probe x2  
  111  9:18  Colossus (Chrono Boost)  
  111  9:19  Probe  
  116  9:24  Zealot  
  116  9:26  Probe x2  
  119  9:31  Probe  
  119  9:38  Protoss Ground Weapons Level 1 (Chrono Boost), Probe x2  
  119  9:42  Extended Thermal Lance  
  119  9:44  Pylon  
  119  9:45  Pylon  
  121  9:46  Twilight Council  
  121  9:50  Sentry x2, Stalker  
  125  10:02  Colossus (Chrono Boost)  
  125  10:03  Sentry x2  
  133  10:09  Stalker x3  
  139  10:18  Blink (Chrono Boost), Stalker x2  
  141  10:25  Pylon  
  141  10:27  Pylon  
  141  10:33  Stalker x2  
  141  10:34  Stalker  
  127  10:38  Sentry  
  129  10:44  Shield Battery  
  129  10:47  Colossus (Chrono Boost)  
  135  10:52  Stalker  
  134  11:10  Sentry x2  
  134  11:11  Zealot x5  
  140  11:19  Pylon  
  140  11:20  Pylon  
  140  11:26  Warp Prism (Chrono Boost)  
  140  11:32  Sentry x2, Stalker x2  
  146  11:33  Stalker x2  
  153  11:40  Protoss Ground Weapons Level 2 (Chrono Boost)  
  153  11:53  Stalker x2  
  157  11:55  Photon Cannon  
  157  11:56  Photon Cannon  
  157  12:08  Sentry  
  159  12:09  Observer  
  159  12:11  Stalker  
  159  12:12  Stalker x4  
  170  12:30  Observer  
  170  12:32  Nexus, Pylon  
  171  12:40  Zealot x7, Charge (Chrono Boost)  
  165  12:45  Stalker x5  
  165  12:46  Stalker x2  
  179  12:53  Observer  
  179  12:57  Stalker  
  182  13:02  Probe x3  
  185  13:07  Photon Cannon  
  185  13:11  Unknown  
  185  13:12  Photon Cannon  
  181  13:16  Templar Archives  
  181  13:17  Observer (Chrono Boost)  
  178  13:28  Stalker x3  
  178  13:29  Zealot  
  186  13:37  Zealot x2  
  177  13:48  Stalker x2  
  177  13:53  Stalker  
  177  13:54  Stalker x2  
  183  14:05  Zealot  
  183  14:07  Immortal (Chrono Boost)  
  179  14:20  Zealot x2  
  183  14:28  Zealot  
  183  14:37  Gateway  
  173  14:39  Gateway  
  173  14:41  Immortal (Chrono Boost)  
  173  14:45  Zealot x2  
  172  15:01  Pylon  
  172  15:02  Pylon x2  
  172  15:03  Pylon  
  172  15:06  Gateway  
  172  15:07  Gateway  
  172  15:09  Gateway  
  151  15:43  Stalker x4  
  143  15:55  Observer (Chrono Boost)  
  128  16:05  Zealot  
  128  16:06  Zealot x5  
  128  16:07  Zealot  

Tags
 
Add a new tag
Caveats
  • Supply blocks, unpowered buildings, or Contaminate may cause inaccurate times.
  • Supply counts are checked every 10 seconds.